SL
THUNDER BAY NORTHERN LIONS BC @ PHILADELPHIA 1776 BC
10/05/2030
 
TOP OF THE 1ST
Thunder Bay Northern Lions BC batting - Pitching for Philadelphia 1776 BC : RHP Elroy Thompkins
Pitching: RHP Elroy Thompkins
Batting: RHB António Mendoza 0-0: Foul Ball, location: 2F
0-1: Ground out U3 (Groundball, 34S)
Batting: RHB Joe Aller 0-0: Ball
1-0: TRIPLE (Line Drive, 8LXD)
Batting: RHB Xavier Pérez 0-0: Ball
1-0: Ball
2-0: Ball
3-0: Called Strike
3-1: Foul Ball, location: 2F
3-2: Ground out 5-3 (Groundball, 56)
Joe Aller scores
Batting: RHB Carlos Padilla 0-0: Ball
1-0: Called Strike
1-1: Fly out, F7 (Flyball, 7D)
Top of the 1st over - 1 run, 1 hit, 0 errors, 0 left on base; Thunder Bay 1 - Philadelphia 1776 0
BOTTOM OF THE 1ST
Philadelphia 1776 BC batting - Pitching for Thunder Bay Northern Lions BC : RHP Stewart Fleming
Pitching: RHP Stewart Fleming
Batting: LHB Tony Vega 0-0: Called Strike
0-1: Ball
1-1: Called Strike
1-2: Strikes out swinging
Batting: RHB Fernando Rivera 0-0: Ball
1-0: Ball
2-0: Fly out, F5 (Popup, 5F)
Batting: SHB Sam Quint 0-0: Called Strike
0-1: DOUBLE (Line Drive, 89D)
Batting: LHB Manoo Satyavrat 0-0: Ball
1-0: Foul Ball, location: 2F
1-1: Ball
2-1: Fly out, F6 (Line Drive, 6M)
Bottom of the 1st over - 0 runs, 1 hit, 0 errors, 1 left on base; Thunder Bay 1 - Philadelphia 1776 0
TOP OF THE 2ND
Thunder Bay Northern Lions BC batting - Pitching for Philadelphia 1776 BC : RHP Elroy Thompkins
Batting: RHB Denis Higgins 0-0: Ball
1-0: Ball
2-0: Ball
3-0: Fly out, F7 (Flyball, 7)
Batting: LHB Gilberto Jiménez 0-0: Ball
1-0: Foul Ball, location: 2F
1-1: Ball
2-1: Ground out 4-3 (Groundball, 4)
Batting: RHB Rafael Pueblo 0-0: Ball
1-0: Ground out 4-3 (Groundball, 4)
Top of the 2nd over - 0 runs, 0 hits, 0 errors, 0 left on base; Thunder Bay 1 - Philadelphia 1776 0
BOTTOM OF THE 2ND
Philadelphia 1776 BC batting - Pitching for Thunder Bay Northern Lions BC : RHP Stewart Fleming
Batting: RHB Kevin Malone 0-0: Ball
1-0: Ball
2-0: Called Strike
2-1: Ball
3-1: Foul Ball, location: 2F
3-2: Ground out 6-3 (Groundball, 6D)
Batting: LHB Chase Popoff 0-0: Ball
1-0: Ball
2-0: SINGLE (Groundball, 34D)
Batting: LHB Cliff Aldridge 0-0: Ball
1-0: Called Strike
1-1: Fly out, F8 (Flyball, 89XD)
Batting: RHB Kent Summey 0-0: Called Strike
0-1: Ball
1-1: Ground out U3 (Groundball, 34S)
Bottom of the 2nd over - 0 runs, 1 hit, 0 errors, 1 left on base; Thunder Bay 1 - Philadelphia 1776 0
TOP OF THE 3RD
Thunder Bay Northern Lions BC batting - Pitching for Philadelphia 1776 BC : RHP Elroy Thompkins
Batting: RHB Showander Descarte 0-0: Ball
1-0: Ball
2-0: Called Strike
2-1: Ball
3-1: Foul Ball, location: 2F
3-2: Foul Ball, location: 2F
3-2: Strikes out swinging
Batting: RHB Zelmar Barajas 0-0: Foul Ball, location: 2F
0-1: Ball
1-1: Called Strike
1-2: Foul Ball, location: 2F
1-2: Strikes out swinging
Batting: RHB António Mendoza 0-0: Ball
1-0: Ground out 5-3 (Groundball, 5L)
Top of the 3rd over - 0 runs, 0 hits, 0 errors, 0 left on base; Thunder Bay 1 - Philadelphia 1776 0
BOTTOM OF THE 3RD
Philadelphia 1776 BC batting - Pitching for Thunder Bay Northern Lions BC : RHP Stewart Fleming
Batting: LHB Jeff Rutherford 0-0: Called Strike
0-1: Swinging Strike
0-2: Strikes out looking
Batting: LHB Tony Vega 0-0: Ball
1-0: Ground out 3-1 (Groundball, 34)
Batting: RHB Fernando Rivera 0-0: Called Strike
0-1: Ball
1-1: Ball
2-1: Swinging Strike
2-2: Strikes out looking
Bottom of the 3rd over - 0 runs, 0 hits, 0 errors, 0 left on base; Thunder Bay 1 - Philadelphia 1776 0
TOP OF THE 4TH
Thunder Bay Northern Lions BC batting - Pitching for Philadelphia 1776 BC : RHP Elroy Thompkins
Batting: RHB Joe Aller 0-0: Called Strike
0-1: Ground out U3 (Groundball, 34)
Batting: RHB Xavier Pérez 0-0: Ball
1-0: Foul Ball, location: 2F
1-1: DOUBLE (Line Drive, 7LM)
Batting: RHB Carlos Padilla 0-0: Called Strike
0-1: Called Strike
Xavier Pérez is caught stealing 3rd base
0-2: Ground out U3 (Groundball, 3)
Top of the 4th over - 0 runs, 1 hit, 0 errors, 0 left on base; Thunder Bay 1 - Philadelphia 1776 0
BOTTOM OF THE 4TH
Philadelphia 1776 BC batting - Pitching for Thunder Bay Northern Lions BC : RHP Stewart Fleming
Batting: SHB Sam Quint 0-0: Ball
1-0: Ball
2-0: Called Strike
2-1: Called Strike
2-2: Strikes out swinging
Batting: LHB Manoo Satyavrat 0-0: Called Strike
0-1: SOLO HOME RUN (Flyball, 9LD), Distance : 342 ft
Batting: RHB Kevin Malone 0-0: Ball
1-0: Called Strike
1-1: Called Strike
1-2: Foul Ball, location: 2F
1-2: SINGLE (Flyball, 89S)
Batting: LHB Chase Popoff 0-0: Fly out, F1 (Line Drive, 13)
Batting: LHB Cliff Aldridge 0-0: Ball
1-0: Called Strike
1-1: Fly out, F9 (Line Drive, 89M)
Bottom of the 4th over - 1 run, 2 hits, 0 errors, 1 left on base; Thunder Bay 1 - Philadelphia 1776 1
TOP OF THE 5TH
Thunder Bay Northern Lions BC batting - Pitching for Philadelphia 1776 BC : RHP Elroy Thompkins
Batting: RHB Denis Higgins 0-0: Called Strike
0-1: SINGLE (Groundball, 34D)
Batting: LHB Gilberto Jiménez 0-0: Ball
1-0: Bunted foul
1-1: Sac Bunt - play at first, batter OUT! 3-4
Denis Higgins to second
Batting: RHB Rafael Pueblo 0-0: SINGLE (Groundball, 25) (infield hit)
Denis Higgins to third
Batting: RHB Showander Descarte 0-0: Ball
Rafael Pueblo steals 2nd base
1-0: Ball
2-0: Ball
3-0: Called Strike
3-1: Base on Balls
Batting: RHB Zelmar Barajas 0-0: Ball
1-0: Called Strike
1-1: Called Strike
1-2: Ball
2-2: Strikes out swinging
Batting: RHB António Mendoza 0-0: Foul Ball, location: 2F
0-1: Ball
1-1: Foul Ball, location: 2F
1-2: Fielders Choice at 2nd, 6-4 (Groundball, 6)
Top of the 5th over - 0 runs, 2 hits, 0 errors, 3 left on base; Thunder Bay 1 - Philadelphia 1776 1
BOTTOM OF THE 5TH
Philadelphia 1776 BC batting - Pitching for Thunder Bay Northern Lions BC : RHP Stewart Fleming
Batting: RHB Kent Summey 0-0: Called Strike
0-1: Ball
1-1: Ball
2-1: Ground out 5-3 (Groundball, 56)
Batting: LHB Jeff Rutherford 0-0: Foul Ball, location: 2F
0-1: Ball
1-1: Ball
2-1: SOLO HOME RUN (Flyball, 9LD), Distance : 361 ft
Batting: LHB Tony Vega 0-0: Ground out 6-3 (Groundball, 6)
Batting: RHB Fernando Rivera 0-0: Ball
1-0: Ground out 6-3 (Groundball, 6M)
Bottom of the 5th over - 1 run, 1 hit, 0 errors, 0 left on base; Thunder Bay 1 - Philadelphia 1776 2
TOP OF THE 6TH
Thunder Bay Northern Lions BC batting - Pitching for Philadelphia 1776 BC : RHP Elroy Thompkins
Batting: RHB Joe Aller 0-0: Ball
1-0: Foul Ball, location: 2F
1-1: Ball
2-1: Foul Ball, location: 2F
2-2: Ground out 4-3 (Groundball, 4)
Batting: RHB Xavier Pérez 0-0: Ball
1-0: Swinging Strike
1-1: Ball
2-1: DOUBLE (Flyball, 78D)
Batting: RHB Carlos Padilla 0-0: Called Strike
Throwing error on steal attempt, E2
Xavier Pérez scores
0-1: Ground out 5-3 (Groundball, 56)
Batting: RHB Denis Higgins 0-0: Swinging Strike
0-1: Foul Ball, location: 2F
0-2: Strikes out swinging
Top of the 6th over - 1 run, 1 hit, 1 error, 0 left on base; Thunder Bay 2 - Philadelphia 1776 2
BOTTOM OF THE 6TH
Philadelphia 1776 BC batting - Pitching for Thunder Bay Northern Lions BC : RHP Stewart Fleming
Batting: SHB Sam Quint 0-0: Foul Ball, location: 2F
0-1: Ball
1-1: Foul Ball, location: 2F
1-2: Ball
2-2: Ball
3-2: Strikes out looking
Batting: LHB Manoo Satyavrat 0-0: Ball
1-0: Ball
2-0: Called Strike
2-1: Foul Ball, location: 2F
2-2: Ball
3-2: Base on Balls
Batting: RHB Kevin Malone 0-0: Ball
1-0: Ball
2-0: Swinging Strike
2-1: Foul Ball, location: 2F
2-2: Ball
3-2: Ground out 5-3 (Groundball, 56S)
Manoo Satyavrat to second
Pitching: RHP Tyler MacHugh
Batting: LHB Chase Popoff 0-0: Ball
1-0: Called Strike
1-1: Fly out, F8 (Flyball, 8LD)
Bottom of the 6th over - 0 runs, 0 hits, 0 errors, 1 left on base; Thunder Bay 2 - Philadelphia 1776 2
TOP OF THE 7TH
Thunder Bay Northern Lions BC batting - Pitching for Philadelphia 1776 BC : RHP Elroy Thompkins
Batting: LHB Gilberto Jiménez 0-0: Called Strike
0-1: Foul Ball, location: 2F
0-2: Strikes out swinging
Batting: RHB Rafael Pueblo 0-0: Ball
1-0: Ball
2-0: Ground out 6-3 (Groundball, 6)
Batting: RHB Showander Descarte 0-0: Called Strike
0-1: Ball
1-1: Called Strike
1-2: SINGLE (Groundball, 6MD)
Pinch Hitting: LHB Luis Freitas 0-0: Ball
1-0: Ball
2-0: Ground out 4-3 (Groundball, 34)
Top of the 7th over - 0 runs, 1 hit, 0 errors, 1 left on base; Thunder Bay 2 - Philadelphia 1776 2
BOTTOM OF THE 7TH
Philadelphia 1776 BC batting - Pitching for Thunder Bay Northern Lions BC : RHP Tyler MacHugh
Now at 3B: Edgardo Castro
Batting: LHB Cliff Aldridge 0-0: SOLO HOME RUN (Flyball, 9D), Distance : 371 ft
Batting: RHB Kent Summey 0-0: Called Strike
0-1: Ball
1-1: Swinging Strike
1-2: Foul Ball, location: 2F
1-2: Foul Ball, location: 2F
1-2: Strikes out swinging
Batting: LHB Jeff Rutherford 0-0: Ball
1-0: Ball
2-0: Fly out, F8 (Flyball, 8LM)
Batting: LHB Tony Vega 0-0: Called Strike
0-1: Ball
1-1: Called Strike
1-2: Ball
2-2: DOUBLE (Line Drive, 78XD)
Batting: RHB Fernando Rivera 0-0: Called Strike
0-1: Ball
1-1: Called Strike
1-2: Ball
2-2: Foul Ball, location: 2F
2-2: Ball
3-2: Base on Balls
Batting: SHB Sam Quint 0-0: Foul Ball, location: 2F
0-1: 3-RUN HOME RUN (Flyball, 9LD), Distance : 335 ft
Pitching: LHP Seung-hyeon So
Batting: LHB Manoo Satyavrat 0-0: Swinging Strike
0-1: Called Strike
0-2: Ball
1-2: Strikes out swinging
Bottom of the 7th over - 4 runs, 3 hits, 0 errors, 0 left on base; Thunder Bay 2 - Philadelphia 1776 6
TOP OF THE 8TH
Thunder Bay Northern Lions BC batting - Pitching for Philadelphia 1776 BC : RHP Elroy Thompkins
Batting: RHB António Mendoza 0-0: Called Strike
0-1: Foul Ball, location: 2F
0-2: Ball
1-2: Fly out, F8 (Flyball, 89M)
Batting: RHB Joe Aller 0-0: Ball
1-0: Ball
2-0: Fly out, F9 (Flyball, 9S)
Batting: RHB Xavier Pérez 0-0: Foul Ball, location: 2F
0-1: Foul Ball, location: 2F
0-2: Foul Ball, location: 2F
0-2: Foul Ball, location: 2F
0-2: Fly out, F6 (Flyball, 6D)
Top of the 8th over - 0 runs, 0 hits, 0 errors, 0 left on base; Thunder Bay 2 - Philadelphia 1776 6
BOTTOM OF THE 8TH
Philadelphia 1776 BC batting - Pitching for Thunder Bay Northern Lions BC : LHP Seung-hyeon So
Batting: RHB Kevin Malone 0-0: Called Strike
0-1: Foul Ball, location: 2F
0-2: Ball
1-2: Ball
2-2: Strikes out swinging
Batting: LHB Chase Popoff 0-0: Ground out 5-3 (Groundball, 5L)
Batting: LHB Cliff Aldridge 0-0: Ball
1-0: Foul Ball, location: 2F
1-1: DOUBLE (Line Drive, 78XD)
Batting: RHB Kent Summey 0-0: Foul Ball, location: 2F
0-1: Ball
1-1: Ball
2-1: Ball
3-1: Foul Ball, location: 2F
3-2: Foul Ball, location: 2F
3-2: Strikes out swinging
Bottom of the 8th over - 0 runs, 1 hit, 0 errors, 1 left on base; Thunder Bay 2 - Philadelphia 1776 6
TOP OF THE 9TH
Thunder Bay Northern Lions BC batting - Pitching for Philadelphia 1776 BC : RHP Elroy Thompkins
Batting: RHB Carlos Padilla 0-0: Foul Ball, location: 2F
0-1: Fly out, F9 (Flyball, 89S)
Batting: RHB Denis Higgins 0-0: Ball
1-0: Called Strike
1-1: Ground out 5-3 (Groundball, 5)
Batting: LHB Gilberto Jiménez 0-0: Ball
1-0: Called Strike
1-1: Swinging Strike
1-2: SINGLE (Groundball, 2R) (infield hit)
Pitching: LHP Brian Brewer
Batting: RHB Rafael Pueblo 0-0: Ball
1-0: Called Strike
1-1: SINGLE (Groundball, 6MD)
Gilberto Jiménez to second
Pitching: RHP Carlos Ramos
Batting: RHB Showander Descarte 0-0: Swinging Strike
0-1: Foul Ball, location: 2F
0-2: Fly out, F2 (Popup, 15S)
Top of the 9th over - 0 runs, 2 hits, 0 errors, 2 left on base; Thunder Bay 2 - Philadelphia 1776 6
Sunday, March 18th, 2018 - OOTP Baseball 18.8 Build 76